 Dungeon Crawl Stone Soup version 0.31-a0-564-g3b7de120b3 (webtiles) character file.

Game seed: 10409883157658985029

12 subawu the Ruffian (level 2, 0/23 HPs)
             Began as a Demigod Shapeshifter on Aug 17, 2023.
             Slain by a hobgoblin (5 damage)
             ... on level 1 of the Dungeon.
             The game lasted 00:02:17 (392 turns).

subawu the Ruffian (Demigod Shapeshifter)            Turns: 392, Time: 00:02:17

Health: 0/23       AC:  0    Str: 16    XL:     2   Next: 9%
Magic:  4/4        EV: 12    Int: 10    God:
Gold:   10         SH:  0    Dex: 14    Spells: 1/1 levels left

rFire   . . .        g - +0 whip
rCold   . . .        (no shield)
rNeg    . . .        (no body armour)
rPois   .            (helmet currently unavailable)
rElec   .            (cloak currently unavailable)
rCorr   .            (gloves currently unavailable)
SInv    .            (boots currently unavailable)
Will    .....        (no amulet)
Stlth   +            (no ring)
HPRegen 0.23/turn    (no ring)
MPRegen 0.09/turn

%: no passive effects
@: beast-form
A: beast (slay +1), high MP 1, forlorn, divine attributes
a: Begin Untransformation


You were on level 1 of the Dungeon.
You were a hulking beast.
You visited 1 branch of the dungeon, and saw 1 of its levels.

You collected 10 gold pieces.

Inventory:

Hand Weapons
 f - a +0 short sword
 g - a +0 whip (weapon)
 k - a +0 sling
 l - a +0 dagger
Missiles
 m - 3 stones
Armour
 a - a +0 animal skin
 i - a +0 leather armour
Talismans
 c - a beast talisman (active)
 d - a flux talisman
Scrolls
 e - a scroll of fog {unknown}
Potions
 b - a potion of lignification
 h - a potion of attraction {unknown}
 j - a potion of heal wounds {unknown}


   Skills:
 + Level 1.2 Fighting
 + Level 2.0 Dodging
 + Level 2.8 Unarmed Combat
 + Level 2.8 Shapeshifting


You had one spell level left.
You didn't know any spells.
Your spell library was empty.

Dungeon Overview and Level Annotations

Branches:
Dungeon (1/15)


Innate Abilities, Weirdness & Mutations

You are a hulking beast.
Your limbs bulge with bestial killing power. (Slay +1)
You have an increased reservoir of magic. (+10% MP)
You shall have no god before yourself.
Your divine heritage dramatically boosts your attributes as you level up.


Message History

You barely miss the kobold. The kobold barely misses you.
You closely miss the kobold. The kobold closely misses you.
You hit the kobold. Your punch misses the kobold.
The kobold is moderately wounded.
The kobold hits you with a +0 dagger.
You closely miss the kobold.
The kobold is moderately wounded.
The kobold hits you with a +0 dagger.
You barely miss the kobold.
The kobold is moderately wounded.
The kobold hits you with a +0 dagger. The kobold closely misses you.
You hit the kobold.
You kill the kobold!
Items here: ( ) ††.
Items here: ( ) ††.
l - a +0 dagger;
m - 3 stones A rat comes into view.
A rat is nearby!
You start resting.
A kobold is nearby!
Things that are here:
a kobold corpse; a hobgoblin corpse You start resting.
A kobold is nearby!
The kobold shouts!
You hear a shout!
The kobold hits you with a +0 short sword.
You hear an angry hiss.
The kobold closely misses you.
You hit the kobold.
You kill the kobold!
A hobgoblin comes into view.
Items here: $ ( ) †.
You hit the hobgoblin.
The hobgoblin is moderately wounded.
The hobgoblin hits you.
* * * LOW HITPOINT WARNING * * *
You hit the hobgoblin but do no damage.
The hobgoblin is moderately wounded.
The hobgoblin hits you.
You die...

#..# #..####K
#....K..
#...##. #.##..
#†##.# #.##.#
#.##.# #.hg.#
###†.#
#..#######
#........#
######.######.#
#...##.#
#......#
#...#### ##.##


You could see a hobgoblin.

Vanquished Creatures
  A dart slug (D:1)
  A bat (D:1)
  A hobgoblin (D:1)
  2 ball pythons (D:1)
  A frilled lizard (D:1)
  4 kobolds (D:1)
  2 rats (D:1)
12 creatures vanquished.

Notes
Turn   | Place    | Note
-------+----------+-------------------------------------------
     0 | D:1      | subawu the Demigod Shapeshifter began the quest for the
                  | Orb.
     0 | D:1      | Reached XP level 1. HP: 15/15 MP: 3/3
    71 | D:1      | Reached skill level 1 in Fighting
   366 | D:1      | Reached XP level 2. HP: 13/23 MP: 4/4
   392 | D:1      | Slain by a hobgoblin

Illustrated notes

Levels and vault maps discovered:
D:1:      tarquinn_simple_flora_water_f, layout_loops_ring,
          minmay_misc_feat_pillars, minmay_octomino_c4

Skill      XL: |  1 |
---------------+----+-----
Fighting       | 1 |  1.2
Dodging        | 2 |  2.0
Unarmed Combat | |  2.8
Shapeshifting  | |  2.8

Action                     || total
---------------------------++-------
  Melee: Whip              ||    29
         Short sword       ||     8
         Unarmed           ||     6
         Punch             ||     1
 Armour: Animal skin       ||     4
  Dodge: Dodged            ||    35

Table legend: (Time is in decaauts)
 A = Elapsed time spent in this place.
 B = Non-inter-level travel time spent in this place.
 C = Inter-level travel time spent in this place.
 D = Time resting spent in this place.
 E = Time spent auto-exploring this place.
 F = Levels seen in this place.
 G = Mean time per level.
                   A        B        C        D        E       F      G
               +--------+--------+--------+--------+--------+-----+--------+
         Total |    394 |    394 |      0 |     44 |      0 |   1 |  394.0 |
       Dungeon |    394 |    394 |      0 |     44 |      0 |   1 |  394.0 |
               +--------+--------+--------+--------+--------+-----+--------+

Top non-repeatable levels by time:
     D:1: 394 daAuts
